Map: Simulacrum LE

Players

Jardozer

  • Race: Zerg Zerg
  • League: Grandmaster
  • Spawn Location: 11:00

BerryRAWR - Winner!

  • Race: Terran Terran
  • League: Grandmaster
  • Spawn Location: 5:00

VOD

Have the link to the VOD?

Description

Time

  • Played on: Feb. 29, 2020, 11:31 p.m.
  • Length: 14:28
Show
View Real Time Build Order
Export as new Build Order

Jardozer Zerg 

Build Orders: Hatch First 

Get SALT Encoding   

  12  0:01  Drone  
  13  0:13  Overlord  
  13  0:17  Drone  
  14  0:31  Drone x2  
  16  0:49  Hatchery  
  15  0:53  Drone  
  15  0:55  Drone  
  17  0:58  Drone  
  18  1:10  Extractor  
  17  1:14  Spawning Pool  
  16  1:19  Drone  
  16  1:20  Drone  
  18  1:28  Drone  
  19  1:40  Drone  
  20  1:51  Overlord  
  20  2:01  Queen x2  
  20  2:02  Zergling x4  
  26  2:13  Metabolic Boost  
  26  2:18  Drone x2  
  28  2:24  Drone x2  
  30  2:41  Hatchery  
  29  2:51  Drone  
  30  2:54  Overlord, Queen  
  32  3:01  Drone  
  32  3:03  Overlord  
  33  3:06  Drone  
  34  3:17  Drone x2  
  36  3:22  Drone x2  
  36  3:25  Zergling x6  
  41  3:29  Queen  
  41  3:33  Drone x2  
  45  3:42  Zergling x4  
  45  3:46  Baneling Nest  
  46  3:51  Drone  
  46  3:52  Drone  
  48  3:57  Drone x3  
  48  4:01  Queen  
  52  4:05  Overlord, Spore Crawler  
  52  4:08  Queen  
  53  4:15  Drone x4  
  57  4:17  Overlord  
  57  4:23  Spore Crawler, Drone  
  57  4:24  Drone  
  58  4:33  Drone x5  
  58  4:38  Drone x2  
  65  4:41  Drone x2  
  65  4:53  Zergling x2  
  65  4:54  Zergling x6  
  65  4:55  Drone  
  65  4:56  Drone  
  69  5:00  Drone x2  
  69  5:06  Drone x2  
  72  5:07  Lair  
  72  5:09  Zergling x2  
  72  5:10  Baneling x3  
  72  5:11  Baneling x2  
  72  5:12  Drone x2  
  60  5:27  Drone  
  60  5:28  Drone x6  
  64  5:36  Drone x5  
  64  5:37  Drone  
  64  5:38  Drone  
  64  5:41  Drone x3  
  73  5:45  Drone  
  72  5:54  Drone x3  
  72  5:57  Extractor  
  73  5:59  Drone  
  73  6:01  Evolution Chamber  
  73  6:03  Evolution Chamber  
  72  6:09  Drone  
  72  6:10  Drone  
  74  6:14  Overlord  
  74  6:18  Overseer  
  74  6:22  Extractor  
  74  6:25  Extractor  
  72  6:29  Centrifical Hooks  
  72  6:32  Drone x2  
  74  6:33  Drone x3  
  74  6:34  Drone x5  
  82  6:49  Hatchery, Zerg Melee Weapons Level 1  
  82  6:52  Extractor  
  80  6:54  Extractor  
  80  6:58  Overlord x2  
  79  7:04  Drone  
  79  7:06  Drone  
  79  7:07  Drone  
  82  7:09  Zerg Ground Armor Level 1  
  82  7:10  Overlord x2  
  82  7:12  Overlord  
  82  7:13  Overlord  
  82  7:14  Overlord  
  82  7:18  Zergling x2  
  82  7:19  Zergling x16  
  82  7:21  Baneling x2  
  91  7:28  Zergling x10  
  96  7:30  Drone  
  96  7:31  Hydralisk Den  
  96  7:33  Zergling x2  
  97  7:37  Baneling x4  
  97  7:38  Baneling  
  97  7:42  Drone x4  
  101  7:45  Drone  
  102  7:54  Drone x3  
  102  7:55  Drone  
  103  7:58  Drone x3  
  103  8:03  Zergling x6  
  107  8:07  Infestation Pit, Drone  
  107  8:13  Overlord x2  
  107  8:14  Muscular Augments  
  107  8:15  Zergling x8  
  107  8:16  Baneling x5  
  111  8:27  Zergling x16  
  101  8:29  Baneling  
  101  8:30  Baneling x2  
  101  8:33  Zergling x2  
  101  8:34  Zergling x4  
  111  8:35  Baneling x8  
  111  8:37  Zergling x2  
  112  8:43  Hydralisk x4  
  118  8:49  Hydralisk x8  
  128  9:06  Zergling x2  
  128  9:07  Zergling x12  
  124  9:19  Hydralisk x6  
  127  9:31  Zergling x12  
  111  9:40  Hydralisk x3  
  107  9:50  Hydralisk x4  
  99  9:58  Hydralisk  
  99  9:59  Hydralisk x3  
  101  10:05  Zerg Melee Weapons Level 2  
  101  10:06  Zergling x8  
  105  10:08  Baneling x5  
  105  10:11  Grooved Spines  
  105  10:13  Zergling x2  
  106  10:14  Extractor  
  106  10:15  Extractor  
  102  10:25  Hydralisk x3  
  100  10:35  Drone x2  
  102  10:37  Zergling x18  
  102  10:39  Baneling x2  
  102  10:40  Baneling x3  
  102  10:41  Baneling x4  
  102  10:42  Baneling  
  111  10:45  Hatchery  
  111  10:48  Zergling x6  
  113  10:50  Hatchery  
  113  10:55  Zergling x4  
  113  10:56  Zerg Ground Armor Level 2  
  114  11:05  Zergling x18  
  118  11:14  Hydralisk x2  
  121  11:19  Zergling x2  
  121  11:22  Hive  
  121  11:24  Baneling x7  
  122  11:25  Drone  
  122  11:26  Drone x4  
  127  11:35  Zergling x4  
  127  11:36  Overlord  
  127  11:37  Overlord x4  
  125  11:51  Zergling x2  
  125  11:52  Zergling x6  
  117  12:05  Zergling x2  
  117  12:06  Zergling x16  
  116  12:13  Hydralisk x4  
  109  12:30  Hatchery, Hydralisk x3  
  109  12:31  Hydralisk x2  
  118  12:38  Baneling  
  118  12:39  Baneling x5  
  118  12:42  Zergling x6  
  114  12:56  Zergling x8  
  111  13:03  Hydralisk x4  
  111  13:04  Hydralisk  
  120  13:15  Baneling  
  120  13:16  Baneling x12  
  120  13:17  Zergling x4  
  120  13:18  Zergling x8  
  126  13:25  Zergling x2  
  126  13:26  Zergling x2  
  125  13:38  Hydralisk  
  125  13:39  Hydralisk x3  
  105  13:52  Zergling x8  
  105  13:55  Hydralisk  
Show
View Real Time Build Order
Export as new Build Order

BerryRAWR Terran - Winner!

Build Orders: Gas First Reaper Expand, Liberator Opening 

Get SALT Encoding   

  12  0:00  SCV  
  13  0:13  SCV  
  14  0:17  Supply Depot  
  14  0:25  SCV  
  15  0:31  Refinery  
  15  0:39  SCV  
  16  0:44  Barracks  
  16  0:51  SCV  
  17  1:03  SCV  
  18  1:15  SCV  
  19  1:31  Orbital Command  
  19  1:32  Reaper  
  20  1:44  Command Center  
  20  1:56  Factory  
  20  1:58  SCV  
  21  2:09  Barracks Reactor  
  21  2:10  SCV  
  21  2:13  Supply Depot  
  22  2:19  Refinery  
  22  2:22  SCV  
  23  2:34  SCV  
  24  2:47  SCV  
  25  2:52  Hellion x2, Starport  
  25  2:55  Marine  
  30  2:58  Orbital Command  
  30  2:59  SCV  
  31  3:11  SCV  
  32  3:13  Hellion  
  32  3:14  Hellion, Orbital Command  
  36  3:26  SCV  
  37  3:31  Liberator  
  40  3:36  Hellion  
  40  3:37  Supply Depot  
  40  3:41  Hellion  
  44  3:42  SCV x2  
  46  3:59  SCV x2  
  46  4:02  Supply Depot  
  48  4:05  Barracks Tech Lab  
  48  4:12  SCV x2, Supply Depot  
  48  4:13  Factory Tech Lab  
  48  4:14  Liberator  
  54  4:24  SCV x2  
  54  4:28  Command Center  
  54  4:29  Stimpack  
  54  4:31  Marine  
  55  4:36  SCV  
  55  4:38  SCV  
  58  4:46  Barracks  
  58  4:48  SCV  
  58  4:52  Siege Tank  
  62  4:53  Marine  
  62  4:58  Barracks  
  63  5:01  SCV  
  63  5:05  Engineering Bay  
  64  5:07  Engineering Bay  
  64  5:09  SCV  
  65  5:15  Marine  
  66  5:24  SCV x2, Siege Tank  
  66  5:27  Starport Reactor  
  67  5:33  Marine  
  68  5:36  SCV x2  
  68  5:37  Terran Infantry Weapons Level 1  
  68  5:41  Refinery  
  68  5:42  Refinery  
  70  5:43  Barracks  
  70  5:44  Barracks  
  70  5:48  SCV  
  70  5:49  Marine  
  69  5:51  SCV  
  69  5:56  Orbital Command, Marine  
  69  5:57  Marine  
  68  5:58  Barracks Reactor  
  68  6:02  SCV, Terran Infantry Armor Level 1  
  69  6:04  SCV  
  69  6:09  Marine  
  68  6:12  Medivac  
  68  6:14  SCV, Marine x2  
  68  6:16  SCV  
  74  6:19  Siege Tank  
  74  6:22  Supply Depot, Orbital Command  
  74  6:24  Supply Depot  
  74  6:25  Supply Depot  
  77  6:27  Marine  
  77  6:30  Armory  
  77  6:32  Marine  
  79  6:33  SCV x2  
  79  6:37  Marine x3  
  79  6:38  Combat Shield, Marine  
  85  6:43  Marine  
  85  6:45  SCV  
  85  6:46  Supply Depot, Marine  
  88  6:49  SCV x2  
  88  6:50  Marine  
  91  6:55  Marine x2  
  91  6:58  SCV  
  91  7:00  Barracks Reactor x2  
  94  7:01  SCV, Marine  
  94  7:02  SCV  
  94  7:04  Marine, Siege Tank  
  94  7:08  Marine  
  102  7:10  SCV  
  102  7:12  Supply Depot  
  102  7:13  SCV, Supply Depot, Marine x2  
  106  7:16  Medivac x2  
  106  7:19  Marine  
  106  7:20  SCV  
  106  7:22  SCV, Marine  
  114  7:25  Marine  
  114  7:29  Terran Vehicle Weapons Level 1  
  115  7:31  Marine x2  
  115  7:32  Supply Depot  
  115  7:37  Supply Depot, Marine  
  117  7:38  SCV x3  
  117  7:40  Marine  
  117  7:43  Supply Depot, Marine  
  117  7:44  Bunker  
  123  7:46  Marine, Siege Tank  
  123  7:47  Marine  
  123  7:49  Marine x2  
  130  7:56  Marauder, Marine x2  
  126  8:00  Marine  
  126  8:01  Hellion x2, Marine  
  126  8:02  Medivac  
  126  8:03  SCV, Medivac  
  126  8:04  Marine  
  132  8:05  Marine  
  132  8:06  Refinery x2, Marine  
  132  8:10  Supply Depot, Marine  
  132  8:11  SCV  
  136  8:14  Marine x2  
  136  8:18  Marauder  
  137  8:28  Siege Tank  
  137  8:29  Marine x5  
  145  8:39  Marauder  
  147  8:42  Marine x3  
  147  8:43  SCV x2  
  147  8:44  Terran Infantry Weapons Level 2  
  147  8:47  Marine x2  
  148  8:51  Command Center  
  148  8:53  Marine x3  
  151  8:59  Barracks  
  151  9:00  Marine, Barracks  
  151  9:01  Marauder, Barracks  
  146  9:05  Siege Tank  
  146  9:06  Marine x2  
  146  9:07  Marine x2  
  152  9:10  Marine  
  144  9:22  Marauder  
  136  9:27  Marine x2  
  129  9:31  Marine x2  
  129  9:32  Marine x4  
  129  9:37  Siege Tank  
  134  9:43  Marauder  
  132  9:51  Marine x4  
  132  9:52  Barracks Reactor  
  120  9:53  Barracks Tech Lab x2  
  116  10:04  Marine x4  
  116  10:05  Marauder  
  122  10:09  Marine x2  
  124  10:15  Medivac x2  
  123  10:26  Marauder  
  123  10:28  Terran Vehicle Weapons Level 2  
  125  10:29  Terran Infantry Armor Level 2, Factory  
  125  10:33  Marauder, Marine x2  
  125  10:34  Marine x6  
  125  10:35  Marauder, Marine x2  
  137  10:39  SCV  
  137  10:41  SCV  
  137  10:42  SCV  
  142  10:44  Command Center  
  142  10:45  Medivac x2  
  142  10:47  Marauder  
  148  10:51  Marine x3  
  148  10:52  Marine  
  148  10:55  Marauder, Siege Tank  
  148  10:56  Marine  
  158  10:58  SCV x2  
  158  11:01  Marine x2  
  159  11:18  Command Center  
  158  11:19  Marine x4  
  158  11:20  Marauder, Marine  
  165  11:28  Factory Tech Lab  
  165  11:34  Marine x7  
  165  11:35  Siege Tank  
  165  11:36  Terran Infantry Weapons Level 3  
  175  11:46  Siege Tank  
  178  11:47  Marine  
  178  11:48  Marauder  
  181  11:55  Medivac, Marine x2  
  145  12:09  Marauder  
  139  12:17  Marine  
  139  12:18  Marauder x2, Marine x7  
  151  12:30  Marine x2  
  151  12:31  Marauder  
  151  12:32  Command Center  
  151  12:35  Marine x2  
  151  12:36  SCV  
  151  12:37  SCV x2  
  160  12:39  Marauder  
  162  12:45  Marauder, Marine  
  162  12:49  SCV  
  165  12:56  Planetary Fortress  
  165  12:58  SCV x2  
  165  13:01  SCV  
  165  13:03  Medivac  
  165  13:05  Marauder  
  169  13:08  Medivac  
  169  13:09  Marine  
  170  13:14  Planetary Fortress  
  170  13:15  SCV  
  169  13:29  Sensor Tower  
  169  13:30  Marauder x3, Marine x4, Sensor Tower  
  169  13:31  Marine  
  169  13:33  Medivac  
  182  13:38  Medivac  
  158  13:51  Marauder  
  158  13:55  Marine x3  
  148  13:56  Marauder, Marine x2  
  148  13:58  SCV x5  
  148  14:00  Marauder, Marine  
  159  14:09  Marine  
  164  14:10  SCV x4, Command Center  
  183  14:24  Sensor Tower  
Tags
 
Add a new tag
Caveats
  • Supply blocks, unpowered buildings, or Contaminate may cause inaccurate times.
  • Supply counts are checked every 10 seconds.